 Dungeon Crawl Stone Soup version 0.21-a0-260-g9b2435e (webtiles) character file.

26 tof the Caller (level 3, -1/27 HPs)
             Began as a Merfolk Summoner on Sept 7, 2017.
             Slain by a gnoll
             ... wielding a +0 whip
              (5 damage)
             ... on level 2 of the Dungeon.
             The game lasted 00:05:56 (2328 turns).

tof the Caller (Merfolk Summoner)                   Turns: 2328, Time: 00:05:57

Health: -1/27      AC:  2    Str:  9    XL:     3   Next: 8%
Magic:  1/6        EV: 13    Int: 14    God:
Gold:   73         SH:  0    Dex: 14    Spells: 3/6 levels left

rFire    . . .     SeeInvis .   e - +0 whip
rCold    . . .     Gourm    .   (no shield)
rNeg     . . .     Faith    .   a - +0 robe
rPois    .         Spirit   .   (no helmet)
rElec    .         Reflect  .   (no cloak)
rCorr    .         Harm     .   (no gloves)
MR       .....                  (no boots)
Stlth    ++........             (no amulet)
HPRegen  0.09/turn              (no ring)
MPRegen  0.10/turn              (no ring)

@: very slightly contaminated
A: change form in water, swift swim, stealthy swim
a: no special abilities


You were on level 2 of the Dungeon.
You were not hungry.

You visited 1 branch of the dungeon, and saw 2 of its levels.

You collected 73 gold pieces.

Inventory:

Hand Weapons
 e - a +0 whip (weapon)
Armour
 a - a +0 robe (worn)
Scrolls
 d - 4 scrolls of identify {unknown}
 h - 3 scrolls of enchant armour {unknown}
 j - 2 scrolls of blinking {unknown}
 k - a scroll of recharging {unknown}
 m - a scroll of enchant weapon {unknown}
Potions
 f - a potion of degeneration {unknown}
 g - 4 potions of curing {unknown}
 i - a potion of magic {unknown}
 l - a potion of berserk rage {unknown}
Books
 b - a book of Callings

   Spells                             Type                      Level
   a - Summon Small Mammal            Summoning                    1
   b - Call Imp                       Summoning                    2
   c - Call Canine Familiar           Summoning                    3
   d - Summon Guardian Golem          Hexes/Summoning              3
   e - Summon Lightning Spire         Summoning/Air                4
   f - Summon Ice Beast               Ice/Summoning                4
Comestibles
 c - 2 bread rations


   Skills:
 + Level 1.8 Fighting
 + Level 3.0 Dodging
 - Level 2.1 Stealth
 + Level 2.3 Spellcasting
 * Level 4.1 Summonings


You had 3 spell levels left.
You knew the following spells:

 Your Spells              Type           Power        Failure   Level  Hunger
a - Summon Small Mammal   Summ           ##..         4%          1    #......
b - Call Imp              Summ           ##......     6%          2    ###....


Dungeon Overview and Level Annotations

Branches:
Dungeon (2/15)

Altars:
Qazlal


Message History

The gnoll hits you with a whip.
You closely miss the gnoll.
Your bat closely misses the gnoll.
Your bat hits the gnoll. The gnoll closely misses you.
You hit the gnoll.
The gnoll is moderately wounded.
Your bat hits the gnoll.
Your bat barely misses the gnoll.
The gnoll closely misses you.
Your crimson imp hits the gnoll but does no damage.
You closely miss the gnoll.
The gnoll is moderately wounded.
Your bat hits the gnoll but does no damage. x2
Your bat misses the gnoll. The gnoll hits you with a whip!
* * * LOW HITPOINT WARNING * * *
Your crimson imp closely misses the gnoll.
Your bat hits the gnoll but does no damage.
You hit the gnoll but do no damage.
The gnoll is moderately wounded.
Your bat hits the gnoll but does no damage. x2
The gnoll hits you with a whip.
You die...

###.#####
#........# # #.#
######.#.. #.#
##.## #.#### #.#
##...#### +#
###..###
##.......#####
.......#
#......b.....# ..
##..##.#
#.#####b.###.#....
#..)##.###.#
#.g###......
.......g...#
#@5........
#...##.###.#
#..###......
##.###.#
#.#####.####.#....
.g.....#
#..g.....[...# ..
########
####.######### #
#.# # #####<#####
# #.........# #
#.###.###.#


You could see a gnoll, a friendly crimson imp and 2 friendly bats.

Vanquished Creatures
  A dart slug (D:2)
  2 leopard geckos
  An orc (D:2)
  A bat (D:2)
  2 goblins
  A frilled lizard (D:1)
  A kobold (D:1)
  2 rats (D:2)
11 creatures vanquished.

Vanquished Creatures (collateral kills)
  An adder (D:2)
  An ooze (D:1)
  An orc (D:2)
  2 bats
  3 rats (D:1)
8 creatures vanquished.

Vanquished Creatures (others)
  An orc (D:2)
1 creature vanquished.

Grand Total: 20 creatures vanquished

Notes
Turn   | Place    | Note
-------+----------+-------------------------------------------
     0 | D:1      | tof the Merfolk Summoner began the quest for the Orb.
     0 | D:1      | Reached XP level 1. HP: 13/13 MP: 3/3
   399 | D:1      | Reached XP level 2. HP: 11/20 MP: 1/5
  1044 | D:2      | Reached skill level 1 in Fighting
  1274 | D:2      | Noticed a phantom
  1585 | D:2      | Found a stormy altar of Qazlal.
  1762 | D:2      | Learned a level 2 spell: Call Imp
  1864 | D:2      | Reached XP level 3. HP: 24/27 MP: 4/6
  1884 | D:2      | Found a faded altar of an unknown god.
  2328 | D:2      | Slain by a gnoll

Vault maps used:
D:1:      dpeg_arrival_castle
D:2:      grunt_qazlal_clouds, nicolae_overflow_crystal_walls,
          marbit_many_paths, lemuel_round_altar,
          chequers_ecumenical_altar_island, first_bread

Skill      XL: |  1  2 |
---------------+-------+-----
Fighting       | 1 |  1.8
Dodging        | 3 |  3.0
Stealth        | |  2.1
Spellcasting   | |  2.3
Summonings     | |  4.1

Action                   || total
-------------------------++-------
Melee: Whip              ||    68
 Cast: Summon Small Mamm ||    44
       Call Imp          ||     5
 Stab: Sleeping          ||     1
  Eat: Bread ration      ||     1
       Chunk             ||     1
Armor: Robe              ||    22
Dodge: Dodged            ||    69

Table legend:
 A = Spawn XP
 B = Non-spawn XP
 C = Spawn XP percentage of total XP
 D = Spawn monster count
 E = Non-spawn monster count
 F = Spawn count percentage of total count
 G = Total turns spent on level
                    A         B        C        D         E        F      G
               +---------+---------+-------+---------+---------+-------+---------
         Total |       0 |      38 |   0.0 |       0 |      19 |   0.0 |  2328
               +---------+---------+-------+---------+---------+-------+---------
           D:1 |       0 |      15 |   0.0 |       0 |       9 |   0.0 |  1289
           D:2 |       0 |      23 |   0.0 |       0 |      10 |   0.0 |  1039
               +---------+---------+-------+---------+---------+-------+---------
